 Dungeon Crawl Stone Soup version 0.29-a0-275-g389c0b56f3 (webtiles) character file.

Game seed: 3301286463201237055

2529 pascalblue the Magician (level 9, -1/45 HPs)
             Began as a Deep Elf Venom Mage on Mar 9, 2022.
             Was a Believer of Vehumet.
             Killed from afar by Maggie (9 damage)
             ... with a bolt of fire
             ... on level 7 of the Dungeon.
             The game lasted 00:27:08 (7901 turns).

pascalblue the Magician (Deep Elf Venom Mage)       Turns: 7901, Time: 00:27:10

Health: -1/45      AC: 11    Str:  9    XL:     9   Next: 29%
Magic:  3/22       EV: 13    Int: 29    God:    Vehumet [**....]
Gold:   292        SH:  0    Dex: 19    Spells: 12/23 levels left

rFire   . . .      SeeInvis +   g - staff of poison
rCold   . . .      Faith    .   (no shield)
rNeg    . . .      Spirit   .   x - +4 robe of Augmentation {Str+4 Int+4 Dex+4}
rPois   +          Reflect  .   l - +2 hat
rElec   .          Harm     .   (no cloak)
rCorr   .          Rampage  .   (no gloves)
Will    .....                   k - +2 pair of boots
Stlth   +++.......              i - amulet of the acrobat
HPRegen 0.15/turn               t - ring of see invisible
MPRegen 0.18/turn               v - ring of flight

@: about to teleport, flying, mesmerised
A: no striking features
a: Renounce Religion


You were on level 7 of the Dungeon.
You worshipped Vehumet.
Vehumet was pleased with you.
You visited 1 branch of the dungeon, and saw 7 of its levels.

You collected 292 gold pieces.

Inventory:

Hand Weapons
 c - a +0 dagger
 d - a +1 short sword of speed
 A - the +10 trident "Pygosyig" {drain, Int+6}
   (You took it off an orc on level 6 of the Dungeon)

   A truly terrible weapon, it drains the life of any living foe it strikes.
   Int:       It affects your intelligence (+6).
Missiles
 j - 213 stones
 o - 11 curare-tipped darts
Armour
 a - a +0 robe
 k - a +2 pair of boots (worn)
 l - a +2 hat (worn)
 x - the +4 robe of Augmentation (worn) {Str+4 Int+4 Dex+4}
   (You found it on level 6 of the Dungeon)

   Str:       It affects your strength (+4).
   Int:       It affects your intelligence (+4).
   Dex:       It affects your dexterity (+4).
 B - a +0 helmet
Magical Staves
 g - a staff of poison (weapon)
 p - a staff of air
Jewellery
 i - an amulet of the acrobat (around neck)
 t - a ring of see invisible (left hand)
 v - a ring of flight (right hand)
Wands
 q - a wand of flame (4)
 s - a wand of digging (1)
 y - a wand of mindburst (11)
Scrolls
 e - a scroll of identify
 f - a scroll of enchant weapon
 u - a scroll of teleportation
Potions
 b - a potion of magic
 h - a potion of mutation
 m - 2 potions of might
 n - 2 potions of curing
 r - 4 potions of degeneration
 z - a potion of ambrosia


   Skills:
 - Level 3.0 Dodging
 - Level 3.0 Stealth
 + Level 7.5 Spellcasting
 + Level 5.5 Conjurations
 - Level 2.0 Transmutations
 + Level 2.7 Fire Magic
 * Level 7.4 Air Magic
 + Level 7.0 Poison Magic


You had 12 spell levels left.
You knew the following spells:

 Your Spells              Type           Power      Damage    Failure   Level
a - Sting                 Tmut/Pois      100%       1d8       1%          1
b - Poisonous Vapours     Pois/Air       100%       N/A       1%          2
c - Mephitic Cloud        Conj/Pois/Air  65%        N/A       1%          3
d - Olgreb's Toxic Radia  Pois           67%        N/A       2%          4
e - Foxfire               Conj/Fire      100%       2x1d9     1%          1

Your spell library contained the following spells:

 Spells                   Type           Power      Damage    Failure   Level
 Shock                    Conj/Air       100%       1d9       1%          1
 Conjure Flame            Conj/Fire      35%        6-21      2%          3
 Pain                     Necr           40%        1d6       4%          1
 Inner Flame              Hex/Fire       18%        N/A       9%          3
 Flame Wave               Conj/Fire      35%        2d8       9%          4
 Ozocubu's Armour         Ice            10%        N/A       14%         3
 Agony                    Necr           10%        N/A       80%         5
 Excruciating Wounds      Necr           5%         N/A       80%         5
 Ozocubu's Refrigeration  Ice            5%         4d6       100%        7


Dungeon Overview and Level Annotations

Branches:
Dungeon (7/15)             Temple (0/1) D:7

Altars:
Dithmenos
Gozag
Hepliaklqana
Okawaru
Vehumet

Shops:
D:3 (

Annotations:
D:7 Maggie


Message History

Maggie is almost dead.
Casting: Sting (safe; 1% risk of failure)
Confirm with . or Enter, or press ? or * to list all spells.
Aiming: Sting (safe; 1% risk of failure)
Press: ? - help, Shift-Dir - straight line, f/p - Maggie
Aim: Maggie, wielding a +0 scimitar of flaming and wearing +0 acid dragon scales (almost dead, very poisoned, 78% to hit)
You feel a surge of power!
The sting misses Maggie.
Maggie hits you with a +0 scimitar of flaming!
* * * LOW HITPOINT WARNING * * *
Maggie burns you.
* * * LOW HITPOINT WARNING * * *
Okay, then.
Blink to where?
Press: ? - help, Dir - move target, p - Maggie 3 orcs come into view.
Found a fizzy white potion.
As you read the scroll of blinking, it crumbles to dust.
Casting: Sting (safe; 1% risk of failure)
Confirm with . or Enter, or press ? or * to list all spells.
You conjure some foxfire!
Maggie casts a spell.
Maggie attempts to bespell you!
You are mesmerised by Maggie!
As you read the scroll of teleportation, it crumbles to dust.
You feel strangely unstable.
The foxfire hits the orc.
The orc is heavily wounded.
The foxfire hits the orc.
You kill the orc!
Vehumet accepts your kill.
You feel your power returning.
Casting: Foxfire (safe; 1% risk of failure)
Confirm with . or Enter, or press ? or * to list all spells.
You conjure some foxfire!
Casting: Foxfire (safe; 1% risk of failure)
Confirm with . or Enter, or press ? or * to list all spells.
You conjure some foxfire!
The foxfire hits the orc.
The orc is heavily wounded.
Maggie casts a spell at you. The bolt of fire hits you!
You die...

.................
.........>........
##..........###..#.
#..........## #?[##
....)......# ..#
...........# ...
#.....@....... ...
##.v......#.#..# ..
#v@§...##.#.####
#..§§..##....
.....§§###.....
......##§§##.# #..
##.....# .ov.
#....!.# #...
......### #..
...... .o


You could see Maggie (mesmerising, very poisoned, ally target) and 2 orcs.

Vanquished Creatures
  Grinder (D:5)
  A wyvern (D:4)
  2 black bears
  An ogre (D:4)
  4 scorpions
  3 bullfrogs
  A necrophage (D:4)
  11 killer bees
  A howler monkey (D:6)
  6 hounds
  2 orc priests
  5 jellies
  An iguana (D:6)
  Natasha (thrice) (D:3)
  6 orc wizards
  Terence (D:3)
  4 gnolls (D:3)
  8 adders
  2 worms
  4 dart slugs
  35 orcs
  4 ball pythons
  8 bats
  8 endoplasms
  2 giant cockroaches
  7 goblins
  8 hobgoblins
  2 jackals (D:1)
  3 quokkas
  6 frilled lizards
  10 kobolds
  3 rats
163 creatures vanquished.

Vanquished Creatures (others)
  42 foxfires
  4 fungi (D:3)
  2 plants (D:3)
48 creatures vanquished.

Grand Total: 211 creatures vanquished

Notes
Turn   | Place    | Note
-------+----------+-------------------------------------------
     0 | D:1      | pascalblue the Deep Elf Venom Mage began the quest for the
                  | Orb.
     0 | D:1      | Reached XP level 1. HP: 10/10 MP: 6/6
   315 | D:1      | Reached XP level 2. HP: 15/15 MP: 5/8
   330 | D:1      | Learned a level 2 spell: Poisonous Vapours
  1811 | D:2      | Reached XP level 3. HP: 19/19 MP: 7/9
  1815 | D:2      | Learned a level 3 spell: Mephitic Cloud
  2492 | D:2      | Reached skill level 1 in Air Magic
  2492 | D:2      | Reached XP level 4. HP: 24/24 MP: 9/11
  2708 | D:3      | Reached skill level 1 in Conjurations
  2799 | D:3      | Found Fifag's Weapon Shop.
  2874 | D:3      | Found a faded altar of an unknown god.
  2912 | D:3      | Noticed Natasha
  2922 | D:3      | Killed Natasha
  2923 | D:3      | Reached XP level 5. HP: 18/28 MP: 7/12
  2930 | D:3      | Learned a level 4 spell: Olgreb's Toxic Radiance
  3121 | D:3      | Noticed Terence
  3130 | D:3      | Killed Terence
  3256 | D:3      | Noticed Natasha
  3263 | D:3      | Killed Natasha
  3422 | D:3      | Noticed Natasha
  3427 | D:3      | Found an iron altar of Okawaru.
  3430 | D:3      | Killed Natasha
  3431 | D:3      | Reached XP level 6. HP: 32/32 MP: 7/14
  3626 | D:3      | Found a hazy altar of Hepliaklqana.
  3791 | D:3      | Found a radiant altar of Vehumet.
  3823 | D:3      | Became a worshipper of Vehumet
  4136 | D:4      | Found a shadowy altar of Dithmenos.
  4139 | D:4      | Found an opulent altar of Gozag.
  4157 | D:4      | Reached skill level 5 in Poison Magic
  4382 | D:4      | Reached XP level 7. HP: 10/36 MP: 8/16
  4383 | D:4      | Reached skill level 5 in Spellcasting
  4696 | D:4      | Reached * piety under Vehumet
  4696 | D:4      | Offered knowledge of Sandblast by Vehumet.
  5134 | D:4      | Noticed a wyvern
  5142 | D:4      | Killed a wyvern
  5469 | D:5      | Entered Level 5 of the Dungeon
  5654 | D:5      | Reached skill level 5 in Air Magic
  5665 | D:5      | Reached XP level 8. HP: 41/41 MP: 9/18
  5887 | D:5      | Noticed Grinder
  5888 | D:5      | Paralysed by Grinder for 7 turns
  5900 | D:5      | Paralysed by Grinder for 3 turns
  5903 | D:5      | Killed Grinder
  6586 | D:6      | Learned a level 1 spell: Foxfire
  6866 | D:6      | Found the +4 robe of Augmentation {Str+4 Int+4 Dex+4}
  6878 | D:6      | Reached skill level 1 in Fire Magic
  7028 | D:6      | Reached skill level 5 in Conjurations
  7407 | D:6      | Identified the +10 trident "Pygosyig" {drain, Int+6}
  7479 | D:6      | Reached XP level 9. HP: 38/45 MP: 19/21
  7480 | D:6      | Reached ** piety under Vehumet
  7485 | D:6      | Offered knowledge of Shock by Vehumet.
  7821 | D:7      | Found a staircase to the Ecumenical Temple.
  7871 | D:7      | Noticed Maggie
  7901 | D:7      | Killed from afar by Maggie

Illustrated notes

Levels and vault maps discovered:
D:1:      saegor_arrival_simple_e, layout_basic, chequers_serial_rivers_room_a,
          kennysheep_another_room
D:2:      layout_basic
D:3:      layout_rooms, okawaru_gym_becter, vehumet_crystals,
          mainiacjoe_overflow_alcove_4, serial_shops,
          nicolae_shop_bloodbath_and_beyond,
          shapermc_ecumenical_altar_mp_urbaneastern, uniq_terence, uniq_natasha
D:4:      layout_loops_ring, mainiacjoe_overflow_catwalk_spiral, minmay_bisected
D:5:      layout_basic, corner_web_ring, uniq_grinder
D:6:      layout_loops_ring
D:7:      minmay_thinvault, layout_cave_pools, minmay_temple_entry_purple_smoke,
          uniq_maggie

Skill      XL: |  1  2  3  4  5  6  7  8  9 |
---------------+----------------------------+-----
Poison Magic   | 4 5 6 7 |  7.0
Air Magic      | 1 2 3 5 6 7 |  7.4
Stealth        | 3 |  3.0
Conjurations   | 1 2 4 5 |  5.5
Transmutations | 2 |  2.0
Dodging        | 3 |  3.0
Spellcasting   | 4 5 7 |  7.5
Fire Magic     | 1 2 |  2.7

Action                   |  1- 3 |  4- 6 |  7- 9 || total
-------------------------+-------+-------+-------++-------
Melee: Unarmed           |     1 |       |       ||     1
       Short sword       |    13 |       |       ||    13
       Staff             |    41 |    31 |    17 ||    89
 Cast: Sting             |    38 |    51 |    48 ||   137
       Poisonous Vapours |       |    27 |    41 ||    68
       Olgreb's Toxic Ra |       |     3 |     5 ||     8
       Mephitic Cloud    |       |     1 |       ||     1
       Foxfire           |       |       |    25 ||    25
Evoke: Wand              |       |       |     7 ||     7
  Use: Scroll            |     3 |     5 |     6 ||    14
Armor: Robe              |    24 |     8 |    13 ||    45
Dodge: Dodged            |    43 |    35 |    73 ||   151

Table legend: (Time is in decaauts)
 A = Elapsed time spent in this place.
 B = Non-inter-level travel time spent in this place.
 C = Inter-level travel time spent in this place.
 D = Time resting spent in this place.
 E = Time spent auto-exploring this place.
 F = Levels seen in this place.
 G = Mean time per level.
                   A        B        C        D        E       F      G
               +--------+--------+--------+--------+--------+-----+--------+
         Total |   7911 |   7772 |    139 |    284 |   6072 |   7 | 1130.1 |
       Dungeon |   7911 |   7772 |    139 |    284 |   6072 |   7 | 1130.1 |
               +--------+--------+--------+--------+--------+-----+--------+

Top non-repeatable levels by time:
     D:1: 1782 daAuts
     D:4: 1529 daAuts
     D:3: 1244 daAuts
     D:6: 1243 daAuts
     D:5: 1104 daAuts
     D:2: 922 daAuts
     D:7: 85 daAuts
